[Event "Titled Tuesday Blitz October 31 Late 2023"]
[White "Przybylski, Wojciech"]
[Black "Toncheva, Nadya"]
[WhiteFideId "1117599"]
[BlackFideId "2924056"]
[WhiteElo "2562"]
[BlackElo "2524"]
[Result "1-0"]
[Round "5"]
[TimeControl "180+1"]
[Date "2023.10.31"]
[WhiteClock "0:00:56"]
[BlackClock "0:00:05"]
[Board "83"]

1. e4 c5 2. Nf3 Nc6 3. d4 cxd4 4. Nxd4 g6 5. Be3 Bg7 6. Nc3 Nf6 7. Bc4 O-O 8. O-O d6 9. h3 Qa5 10. Nb3 Qc7 11. Be2 a6 12. f4 b5 13. a3 Bb7 14. Bf3 Rac8 15. Rc1 e6 16. Qd2 Rfd8 17. Qf2 Nd7 18. Nd1 Na5 19. Nxa5 Qxa5 20. c3 Qa4 21. f5 Ne5 22. Bd4 Nd3 23. Qe3 Bxd4 24. cxd4 Nxc1 25. f6 Kh8 26. Nc3 Qc4 27. Rxc1 e5 28. dxe5 dxe5 29. Qh6 Rg8 30. Kh2 Qe6 31. Bg4 Qxf6 32. Bxc8 Rxc8 33. Nd5 Qe6 34. Rxc8+ Qxc8 35. Nf6 1-0


[Site "https://www.chess.com"]

[Event "Titled Tuesday Blitz October 31 Late 2023"]
[White "Buscar, Michael"]
[Black "Hoang, Thi Bao Tram"]
[WhiteFideId "2603616"]
[BlackFideId "12401102"]
[WhiteElo "2333"]
[BlackElo "2558"]
[Result "1-0"]
[Round "5"]
[TimeControl "180+1"]
[Date "2023.10.31"]
[WhiteClock "0:00:29"]
[BlackClock "0:00:05"]
[Board "84"]

1. d4 d5 2. c4 c6 3. Nc3 Nf6 4. Nf3 dxc4 5. e4 b5 6. a4 b4 7. e5 bxc3 8. exf6 exf6 9. bxc3 Be6 10. Be2 Bd6 11. O-O O-O 12. Nd2 Qa5 13. Qc2 Bc7 14. Nxc4 Bxc4 15. Bxc4 Nd7 16. Ba3 c5 17. Bb5 Rfd8 18. Bxd7 Rxd7 19. Bxc5 g6 20. Rfe1 Rb8 21. Rab1 Rxb1 22. Rxb1 Qa6 23. Qe4 Kg7 24. Qe8 Rd8 25. Qb5 Qe6 26. Bxa7 Qe4 27. Bc5 h5 28. Qb7 Qf4 29. g3 Qf5 30. Rb5 Rd7 31. Bf8+ Kxf8 32. Rxf5 gxf5 33. Qc8+ Ke7 34. c4 Bd6 35. c5 Bc7 36. d5 Ba5 37. d6+ Ke6 38. c6 1-0


[Site "https://www.chess.com"]

[Event "Titled Tuesday Blitz October 31 Late 2023"]
[White "Shapiro, Daniel"]
[Black "Aldokhin, Ivan"]
[WhiteFideId "2001780"]
[BlackFideId "24115720"]
[WhiteElo "2328"]
[BlackElo "2555"]
[Result "0-1"]
[Round "5"]
[TimeControl "180+1"]
[Date "2023.10.31"]
[WhiteClock "0:00:00"]
[BlackClock "0:01:34"]
[Board "85"]

1. d4 Nf6 2. c4 g6 3. Nc3 Bg7 4. e4 O-O 5. Be2 d6 6. Nf3 Nc6 7. O-O Re8 8. h3 e5 9. d5 Nd4 10. Be3 Nxe2+ 11. Qxe2 Nh5 12. Nd2 Nf4 13. Qd1 Qg5 14. Bxf4 exf4 15. Qf3 Qe5 16. Rac1 b6 17. Nb5 Re7 18. Rc2 a6 19. Nc3 g5 20. Re1 Bd7 21. Nf1 Qf6 22. Nh2 Qg6 23. g4 fxg3 24. fxg3 Rae8 25. Ng4 h5 26. Nf2 g4 27. hxg4 hxg4 28. Qg2 Bd4 29. Nd1 Rxe4 30. Rxe4 Rxe4 31. Kf1 Re8 32. Rd2 Bc5 33. Re2 Rxe2 34. Kxe2 Qc2+ 35. Kf1 Bf5 36. Ke1 Bb4+ 37. Kf1 Qxc4+ 38. Kg1 Bc5 39. Qh1 Qe2 0-1


[Site "https://www.chess.com"]

[Event "Titled Tuesday Blitz October 31 Late 2023"]
[White "Fominykh, Maria"]
[Black "Blomqvist, Erik"]
[WhiteFideId "4142411"]
[BlackFideId "1709437"]
[WhiteElo "2315"]
[BlackElo "2555"]
[Result "0-1"]
[Round "5"]
[TimeControl "180+1"]
[Date "2023.10.31"]
[WhiteClock "0:00:00"]
[BlackClock "0:00:15"]
[Board "86"]

1. d4 Nf6 2. c4 e6 3. e3 d5 4. Nf3 Be7 5. Bd3 O-O 6. O-O dxc4 7. Bxc4 b6 8. Nc3 Bb7 9. Qe2 c5 10. Rd1 cxd4 11. Nxd4 Qc8 12. e4 Nc6 13. Nxc6 Qxc6 14. Bb5 Qc7 15. Bg5 h6 16. Bh4 Rfd8 17. Rac1 Rxd1+ 18. Rxd1 a6 19. Bd3 Nxe4 20. Bxe4 Bxh4 21. Bxb7 Qxb7 22. Qg4 Bf6 23. Ne4 Bxb2 24. Rb1 Be5 25. g3 Rc8 26. Qf3 Qc7 27. Qe3 b5 0-1


[Site "https://www.chess.com"]

[Event "Titled Tuesday Blitz October 31 Late 2023"]
[White "PapaieDudu"]
[Black "dodoucb"]
[WhiteElo "2314"]
[BlackElo "2542"]
[Result "0-1"]
[Round "5"]
[TimeControl "180+1"]
[Date "2023.10.31"]
[WhiteClock "0:00:49"]
[BlackClock "0:01:19"]
[Board "87"]

1. e4 c6 2. Nf3 d5 3. e5 Bf5 4. d4 e6 5. Be2 Nd7 6. O-O Ne7 7. c3 h6 8. Nbd2 c5 9. Re1 Nc6 10. Nf1 cxd4 11. cxd4 Rc8 12. h3 Be7 13. Ne3 Bg6 14. Bd2 Nb4 15. Qa4 Nd3 16. Bxd3 Bxd3 17. Nxd5 exd5 18. e6 fxe6 19. Ne5 b5 20. Qb3 Bc4 21. Qg3 O-O 22. Bxh6 Bf6 23. Ng6 Bxd4 24. Ne5 Bxf2+ 25. Qxf2 Rxf2 26. Ng4 Rxb2 27. Bf4 0-1


[Site "https://www.chess.com"]

[Event "Titled Tuesday Blitz October 31 Late 2023"]
[White "Deeper44"]
[Black "Kornyukov, Alexey"]
[BlackFideId "4150457"]
[WhiteElo "2540"]
[BlackElo "2308"]
[Result "0-1"]
[Round "5"]
[TimeControl "180+1"]
[Date "2023.10.31"]
[WhiteClock "0:00:00"]
[BlackClock "0:00:01"]
[Board "88"]

1. d4 d5 2. c4 e6 3. Nf3 c6 4. e3 Nf6 5. b3 Bb4+ 6. Nbd2 Ne4 7. Qc2 f5 8. Bd3 Nd7 9. O-O O-O 10. a3 Bd6 11. Bb2 Qf6 12. b4 Qh6 13. Ne5 Ndf6 14. Nxe4 dxe4 15. Be2 f4 16. exf4 Qxf4 17. Bc1 Qh4 18. Be3 Bd7 19. Qd2 h6 20. g3 Qh3 21. Rfd1 Be8 22. Bf1 Qh5 23. Be2 Qh3 24. Qe1 Bxe5 25. dxe5 Ng4 26. Bxg4 Qxg4 27. Rd4 Bg6 28. f4 Bh5 29. Qf2 Qf5 30. Re1 Rad8 31. Qd2 Rxd4 32. Qxd4 Bf3 33. Qd2 Qh3 34. Qf2 Rd8 0-1


[Site "https://www.chess.com"]

[Event "Titled Tuesday Blitz October 31 Late 2023"]
[White "Sreyas Payyappat"]
[Black "Vifleemskaia, Svetlana"]
[WhiteFideId "46674969"]
[BlackFideId "4129490"]
[WhiteElo "2540"]
[BlackElo "2291"]
[Result "1-0"]
[Round "5"]
[TimeControl "180+1"]
[Date "2023.10.31"]
[WhiteClock "0:00:33"]
[BlackClock "0:00:00"]
[Board "89"]

1. e4 e5 2. Nf3 Nc6 3. Bc4 Nf6 4. c3 Nxe4 5. d3 Nf6 6. O-O d5 7. Bb5 Bd6 8. Bxc6+ bxc6 9. Nxe5 Bxe5 10. Re1 Ng4 11. Bf4 O-O 12. Bxe5 Nxe5 13. Rxe5 d4 14. Na3 Be6 15. Nc2 dxc3 16. bxc3 Qd6 17. d4 Rab8 18. Rc5 Rb5 19. Qh5 g6 20. Qe5 Rxc5 21. Qxc5 Qxc5 22. dxc5 Rb8 23. Nb4 Rb5 24. Na6 Bxa2 25. Nxc7 Rb2 26. Na6 1-0


[Site "https://www.chess.com"]

[Event "Titled Tuesday Blitz October 31 Late 2023"]
[White "Florianovitz, Derlei Alex"]
[Black "Avazkhonov, Alikhon"]
[WhiteFideId "2114178"]
[BlackFideId "14208504"]
[WhiteElo "2265"]
[BlackElo "2535"]
[Result "1-0"]
[Round "5"]
[TimeControl "180+1"]
[Date "2023.10.31"]
[WhiteClock "0:00:06"]
[BlackClock "0:00:00"]
[Board "90"]

1. e4 c5 2. Nf3 d6 3. d4 cxd4 4. Nxd4 Nf6 5. Nc3 a6 6. h3 e5 7. Nde2 h5 8. Bg5 Be6 9. g3 Nbd7 10. Bg2 b5 11. O-O Qb6 12. Be3 Qc7 13. a3 Be7 14. Nd5 Nxd5 15. exd5 Bf5 16. Rc1 Nb6 17. Bxb6 Qxb6 18. Nc3 h4 19. g4 Bg6 20. Ne4 Bxe4 21. Bxe4 Bg5 22. Rb1 O-O 23. Qf3 g6 24. Kg2 Bf4 25. b3 Rac8 26. Bd3 Rc3 27. Rfe1 Qc7 28. Re4 Bg5 29. Re2 f5 30. gxf5 gxf5 31. Qh5 Qg7 32. a4 e4 33. axb5 exd3 34. cxd3 axb5 35. Re6 Bf6+ 36. Kh1 Rfc8 37. Rg1 Rc1 38. Re8+ Rxe8 39. Qxe8+ Kh7 40. Qh5+ Kg8 41. Rxc1 Qb7 42. Qg6+ Bg7 43. Re1 Qxd5+ 44. Kh2 Qa8 45. Re8+ Qxe8 46. Qxe8+ Kh7 47. Qe6 f4 48. Qxd6 f3 49. Qf4 Bc3 50. Qxh4+ Kg6 51. Qg4+ Kf6 52. Qxf3+ Kg5 53. Kg2 Kh6 54. Qg4 b4 55. f4 Bd4 56. f5 1-0


[Site "https://www.chess.com"]

[Event "Titled Tuesday Blitz October 31 Late 2023"]
[White "Osmak, Yuliia"]
[Black "Osmonbekov, Talaibek"]
[WhiteFideId "14101602"]
[BlackFideId "2017253"]
[WhiteElo "2532"]
[BlackElo "2252"]
[Result "0-1"]
[Round "5"]
[TimeControl "180+1"]
[Date "2023.10.31"]
[WhiteClock "0:00:00"]
[BlackClock "0:00:08"]
[Board "91"]

1. e4 c5 2. Nf3 d6 3. Bb5+ Bd7 4. Bxd7+ Qxd7 5. O-O Nc6 6. Re1 e6 7. c4 Be7 8. Nc3 Bf6 9. Ne2 Nge7 10. d4 cxd4 11. Nexd4 O-O 12. Nb5 Rfd8 13. Qe2 a6 14. Na3 Rac8 15. Bf4 Ng6 16. Bg3 Qe7 17. Rad1 h6 18. h3 Rd7 19. Nb1 Nce5 20. Nxe5 Bxe5 21. Bxe5 Nxe5 22. b3 Qg5 23. Qf1 Nf3+ 24. Kh1 Nxe1 25. Qxe1 Rcd8 26. Nc3 d5 27. cxd5 exd5 28. Nxd5 Kh8 29. Rd3 f5 30. f4 Qh5 31. Rd4 fxe4 32. Qxe4 Rxd5 33. Rc4 Rd1+ 34. Kh2 Qd5 35. Qe7 b5 36. Rc7 Rd7 0-1


[Site "https://www.chess.com"]

[Event "Titled Tuesday Blitz October 31 Late 2023"]
[White "Quirke, Jeffrey"]
[Black "Shubenkova, Veronika"]
[WhiteFideId "2013029"]
[BlackFideId "44124040"]
[WhiteElo "2242"]
[BlackElo "2530"]
[Result "0-1"]
[Round "5"]
[TimeControl "180+1"]
[Date "2023.10.31"]
[WhiteClock "0:00:18"]
[BlackClock "0:01:35"]
[Board "92"]

1. e4 e6 2. f4 d5 3. e5 c5 4. c3 Nc6 5. Nf3 Nge7 6. Be2 Ng6 7. d3 Be7 8. O-O O-O 9. Na3 f6 10. d4 cxd4 11. cxd4 fxe5 12. fxe5 Nf4 13. Bxf4 Rxf4 14. Kh1 Bd7 15. Nc2 Qb6 16. Qd2 Raf8 17. b3 a5 18. g3 R4f7 19. Ng5 Rxf1+ 20. Rxf1 Rxf1+ 21. Bxf1 h6 22. Nf3 a4 23. bxa4 Na5 24. Bd3 Nc4 25. Bxc4 dxc4 26. d5 Qb1+ 27. Kg2 Bxa4 28. Ne3 Bb4 29. Qd4 c3 30. dxe6 c2 31. Qd8+ Kh7 32. Nxc2 Qxc2+ 33. Kh3 Qf5+ 34. Kg2 Bc6 0-1


[Site "https://www.chess.com"]

[Event "Titled Tuesday Blitz October 31 Late 2023"]
[White "Iskusnyh, Sergei"]
[Black "Modric, Nesa"]
[WhiteFideId "4120027"]
[BlackFideId "922579"]
[WhiteElo "2526"]
[BlackElo "2239"]
[Result "1-0"]
[Round "5"]
[TimeControl "180+1"]
[Date "2023.10.31"]
[WhiteClock "0:00:31"]
[BlackClock "0:00:00"]
[Board "93"]

1. d4 d5 2. c4 e6 3. Nf3 Nf6 4. g3 Be7 5. Bg2 O-O 6. Qc2 dxc4 7. Qxc4 a6 8. Bf4 Bd6 9. Ne5 Nbd7 10. O-O Nh5 11. Nxd7 Qxd7 12. Be3 Nf6 13. Qc2 Ng4 14. Bd2 e5 15. d5 f5 16. Na3 Qf7 17. Nc4 Qh5 18. h3 Nf6 19. f4 e4 20. Nxd6 cxd6 21. Qc7 Qxe2 22. Rad1 Nxd5 23. Qxd6 Ne3 24. Bxe3 Qxe3+ 25. Kh2 b5 26. Qd5+ 1-0


[Site "https://www.chess.com"]

[Event "Titled Tuesday Blitz October 31 Late 2023"]
[White "Ward, Ieuan C"]
[Black "Souza, Gustavo Horokoski De"]
[WhiteFideId "406627"]
[BlackFideId "2146584"]
[WhiteElo "2335"]
[BlackElo "2195"]
[Result "0-1"]
[Round "5"]
[TimeControl "180+1"]
[Date "2023.10.31"]
[WhiteClock "0:00:11"]
[BlackClock "0:00:20"]
[Board "94"]

1. d4 Nf6 2. c4 c5 3. d5 e6 4. Nc3 exd5 5. cxd5 d6 6. e4 g6 7. Nf3 Bg4 8. Bd3 Bg7 9. O-O O-O 10. Re1 Re8 11. Bf4 Qe7 12. e5 Nh5 13. exd6 Qxe1+ 14. Qxe1 Rxe1+ 15. Rxe1 Nxf4 16. Re8+ Bf8 17. Bb5 Kg7 18. d7 Nxd7 19. Rxa8 Bxf3 20. gxf3 Ne5 21. Be2 Nxe2+ 22. Nxe2 Nxf3+ 23. Kg2 Nh4+ 24. Kh3 Nf5 25. Rxa7 b5 26. Nc3 b4 27. Ne4 h5 28. f4 Ne3 29. d6 Nf5 30. d7 Be7 31. Nxc5 Bxc5 32. d8=Q Bxa7 33. Qa5 Bd4 34. Qxb4 Bf6 35. a4 Be7 36. Qc3+ Bf6 37. Qb3 Nd4 38. Qa2 Ne2 39. Qc4 Nd4 40. a5 Ne6 41. a6 g5 42. fxg5 Nxg5+ 43. Kg2 h4 44. a7 h3+ 45. Kf1 Nf3 46. Qg4+ Ng5 47. Qf3 Nxf3 48. a8=Q Nd4 49. Qe4 Ne6 50. Qg4+ Ng5 51. Qxh3 Nxh3 52. Kg2 Ng5 53. b4 Bd4 54. h4 Ne6 55. Kf3 Bb6 56. Ke4 Kf6 57. Kd5 Bf2 58. h5 Kg7 59. b5 Nf4+ 60. Ke5 Nxh5 61. Kf5 Bb6 62. Kg5 Nf6 63. Kf5 Ne8 64. Ke5 Nc7 65. Kd6 Nxb5+ 66. Kc6 f5 67. Kxb5 f4 68. Kc4 f3 69. Kd3 f2 70. Ke2 Kf6 71. Kf1 Kf5 72. Ke2 Ke4 73. Kf1 Ke3 74. Kg2 Ke2 0-1


[Site "https://www.chess.com"]

[Event "Titled Tuesday Blitz October 31 Late 2023"]
[White "Djordjevic, Dejan N"]
[Black "Djordjevic, Vuk"]
[WhiteFideId "913316"]
[BlackFideId "902098"]
[WhiteElo "2045"]
[BlackElo "2764"]
[Result "0-1"]
[Round "5"]
[TimeControl "180+1"]
[Date "2023.10.31"]
[WhiteClock "0:00:03"]
[BlackClock "0:00:56"]
[Board "95"]

1. e4 d5 2. e5 c5 3. d3 Nc6 4. c3 Nxe5 5. h3 Nf6 6. g3 Bf5 7. Bf4 Nc6 8. Nf3 e6 9. Na3 Bd6 10. Bg5 O-O 11. Bg2 h6 12. Be3 a6 13. O-O b5 14. Nc2 c4 15. dxc4 bxc4 16. Nfd4 Nxd4 17. Nxd4 Be4 18. Nf3 Qc7 19. Qd2 Rfd8 20. b4 Bd3 21. Rfe1 Ne4 22. Qb2 e5 23. a4 Rdb8 24. b5 axb5 25. axb5 Rxa1 26. Rxa1 Bc5 27. Bxc5 Nxc5 28. Qb4 Nb3 29. Ra6 e4 30. Nh4 e3 31. f4 e2 32. Kf2 g5 33. fxg5 e1=Q+ 34. Kxe1 Qxg3+ 35. Kd1 Bc2+ 36. Kxc2 Qf2+ 37. Kb1 Qe1+ 38. Kb2 Qc1+ 39. Ka2 Qa1# 0-1


[Site "https://www.chess.com"]

[Event "Titled Tuesday Blitz October 31 Late 2023"]
[White "Mekhitarian, Krikor Sevag"]
[Black "Belenkaya, Dina"]
[WhiteFideId "2107660"]
[BlackFideId "24142654"]
[WhiteElo "2745"]
[BlackElo "2434"]
[Result "1-0"]
[Round "5"]
[TimeControl "180+1"]
[Date "2023.10.31"]
[WhiteClock "0:00:20"]
[BlackClock "0:00:06"]
[Board "96"]

1. Nf3 d5 2. c4 dxc4 3. e3 Nf6 4. Bxc4 a6 5. O-O e6 6. b3 c5 7. Bb2 Bd6 8. Be2 Nc6 9. d3 O-O 10. Nbd2 b6 11. a3 Bb7 12. Rc1 Qb8 13. Nc4 Bc7 14. h3 Nd5 15. Qc2 Rc8 16. Rfe1 b5 17. Ncd2 Ne5 18. Qb1 Bd6 19. Qa1 Nxf3+ 20. Bxf3 f6 21. Rc2 a5 22. Rec1 Qa7 23. Ne4 Be7 24. d4 cxd4 25. Bxd4 Qa6 26. Bc5 Bxc5 27. Nxc5 Qc6 28. Qd4 Rd8 29. Qg4 Ra7 30. Nxe6 Rd7 31. Rxc6 Bxc6 32. Rxc6 Ne7 1-0


[Site "https://www.chess.com"]

[Event "Titled Tuesday Blitz October 31 Late 2023"]
[White "Pinto, Daniel"]
[Black "Martinez Ramirez, Lennis"]
[WhiteFideId "3303144"]
[BlackFideId "3509079"]
[WhiteElo "2415"]
[BlackElo "2689"]
[Result "0-1"]
[Round "5"]
[TimeControl "180+1"]
[Date "2023.10.31"]
[WhiteClock "0:00:00"]
[BlackClock "0:02:28"]
[Board "97"]

1. e4 c5 2. Nf3 Nc6 3. Bb5 g6 4. O-O Bg7 5. Re1 Nf6 6. e5 Nd5 7. Nc3 Nc7 8. Bxc6 dxc6 9. h3 O-O 10. d3 Ne6 11. Ne4 f5 12. Neg5 h6 13. Nxe6 Bxe6 14. Be3 Qd5 15. c4 Qd7 16. Bxc5 b6 17. Ba3 Rad8 18. b3 c5 19. Bb2 Qxd3 20. Qxd3 Rxd3 21. Red1 Rfd8 22. Rxd3 Rxd3 23. Kf1 f4 24. Ke2 Rd8 25. Rd1 Rxd1 26. Kxd1 Bf5 27. Nd2 Bd3 28. Ke1 Kf7 29. Nf3 Ke6 30. Kd2 Bb1 31. Kc1 Bd3 32. Kd2 Bf1 33. Ne1 Bxe5 34. Bxe5 Kxe5 35. Kc3 Ke4 36. Kd2 e5 37. a3 g5 38. Kc3 h5 39. Kd2 g4 40. hxg4 hxg4 41. Kc3 g3 0-1


[Site "https://www.chess.com"]

[Event "Titled Tuesday Blitz October 31 Late 2023"]
[White "Sipila, Vilka"]
[Black "Lebedev, Artem S."]
[WhiteFideId "505455"]
[BlackFideId "34272747"]
[WhiteElo "2641"]
[BlackElo "2413"]
[Result "1-0"]
[Round "5"]
[TimeControl "180+1"]
[Date "2023.10.31"]
[WhiteClock "0:01:19"]
[BlackClock "0:00:00"]
[Board "98"]

1. e4 e5 2. Nf3 Nc6 3. Bb5 a6 4. Ba4 Bc5 5. c3 Nge7 6. d4 exd4 7. cxd4 Bb4+ 8. Bd2 Bxd2+ 9. Qxd2 d5 10. exd5 Qxd5 11. Nc3 Qe6+ 12. Qe3 O-O 13. O-O Qd6 14. Rad1 Bg4 15. d5 Bxf3 16. Qxf3 Ne5 17. Qg3 N7g6 18. f4 Qb6+ 19. Rf2 Nc4 20. f5 Nge5 21. f6 g6 22. Re1 c6 23. b3 Rae8 24. bxc4 Nf3+ 25. gxf3 Rxe1+ 26. Kg2 Qd4 27. Ne4 b5 28. Qf4 bxa4 29. Qh6 1-0


[Site "https://www.chess.com"]

[Event "Titled Tuesday Blitz October 31 Late 2023"]
[White "Sargsyan, Anna M."]
[Black "UK_23"]
[WhiteFideId "13308130"]
[WhiteElo "2544"]
[BlackElo "2374"]
[Result "1-0"]
[Round "5"]
[TimeControl "180+1"]
[Date "2023.10.31"]
[WhiteClock "0:01:56"]
[BlackClock "0:01:39"]
[Board "99"]

1. d4 d5 2. c4 e6 3. Nc3 Nf6 4. Nf3 Be7 5. Bf4 O-O 6. e3 b6 7. Bd3 dxc4 8. Bxc4 Bb7 9. O-O c5 10. dxc5 Bxc5 11. Qe2 a6 12. Rfd1 Qe7 13. Rac1 b5 14. Bd3 h6 15. h3 Rc8 16. Ne5 Nc6 17. Ng4 Nb4 18. Nxf6+ Qxf6 19. Ne4 Bxe4 20. Bxe4 Ra7 21. Bd6 Qg5 22. Rxc5 Rxc5 23. Bxc5 Qxc5 24. Rd8+ 1-0


[Site "https://www.chess.com"]

[Event "Titled Tuesday Blitz October 31 Late 2023"]
[White "Colivet Gamboa, Julio Cesar"]
[Black "D`Arruda, Ricardo D."]
[WhiteFideId "3949583"]
[BlackFideId "100692"]
[WhiteElo "2370"]
[BlackElo "2523"]
[Result "1-0"]
[Round "5"]
[TimeControl "180+1"]
[Date "2023.10.31"]
[WhiteClock "0:01:14"]
[BlackClock "0:01:09"]
[Board "100"]

1. e4 c5 2. Nf3 Nc6 3. d4 cxd4 4. Nxd4 e5 5. Nb3 Nf6 6. Nc3 Bb4 7. Bd3 d5 8. exd5 Nxd5 9. Bd2 Nxc3 10. bxc3 Be7 11. O-O O-O 12. Re1 Be6 13. Rb1 Qd7 14. Qh5 g6 15. Qh6 f5 16. Bg5 a6 17. Bxe7 Qxe7 18. f3 b6 19. Nd2 Qc5+ 20. Kh1 b5 21. Qe3 Qxe3 22. Rxe3 Rfd8 23. a4 bxa4 24. Ra1 Rab8 25. Rxa4 a5 26. h4 Kf7 27. Nb3 Bxb3 28. cxb3 Rxb3 29. Bc4+ 1-0


[Site "https://www.chess.com"]

[Event "Titled Tuesday Blitz October 31 Late 2023"]
[White "Nilsen, Tobias Lang"]
[Black "Lopez Del Alamo, Antonio"]
[WhiteFideId "1521624"]
[BlackFideId "2227339"]
[WhiteElo "2519"]
[BlackElo "2351"]
[Result "1-0"]
[Round "5"]
[TimeControl "180+1"]
[Date "2023.10.31"]
[WhiteClock "0:01:29"]
[BlackClock "0:00:08"]
[Board "101"]

1. e4 c5 2. Nf3 e6 3. d4 cxd4 4. Nxd4 Nf6 5. Nc3 Nc6 6. Ndb5 d6 7. Bf4 e5 8. Bg5 a6 9. Na3 b5 10. Bxf6 gxf6 11. Nd5 Bg7 12. c3 Ne7 13. Nxe7 Qxe7 14. Nc2 f5 15. Bd3 O-O 16. O-O f4 17. Nb4 Be6 18. Qh5 Qb7 19. Rad1 a5 20. Nd5 f5 21. c4 Bxd5 22. cxd5 Rf6 23. exf5 Raf8 24. Be4 Kh8 25. Rc1 Qb6 26. Qf3 Qd4 27. b3 b4 28. Rfd1 Qa7 29. Rc6 a4 30. Rdc1 axb3 31. axb3 Qa3 32. h3 h6 33. Qd3 f3 34. Qxf3 Qb2 35. R6c2 Qd4 36. Rd1 Qb6 37. Rc6 Qa5 38. g4 Rg8 39. Kh1 Bf8 40. Rdc1 Qa2 41. R6c2 Qa7 42. Qe3 Qa5 43. Rc8 Qa2 44. Re8 Qb2 45. Re6 Rxe6 46. dxe6 Be7 47. Qxh6# 1-0


[Site "https://www.chess.com"]

[Event "Titled Tuesday Blitz October 31 Late 2023"]
[White "Rose, Felix"]
[Black "HeroRubiksCube"]
[WhiteFideId "5105722"]
[WhiteElo "2340"]
[BlackElo "2512"]
[Result "1-0"]
[Round "5"]
[TimeControl "180+1"]
[Date "2023.10.31"]
[WhiteClock "0:00:13"]
[BlackClock "0:00:13"]
[Board "102"]

1. e4 c6 2. d4 d5 3. e5 c5 4. dxc5 Nc6 5. a3 Nxe5 6. b4 Nf6 7. Bb2 Ng6 8. Nf3 e6 9. Nbd2 Be7 10. Bd3 O-O 11. O-O b6 12. c6 Nf4 13. b5 Bc5 14. Re1 Ng4 15. Bd4 Bxd4 16. Nxd4 e5 17. Bf5 Bxf5 18. Nxf5 Qg5 19. Ng3 h5 20. Nf3 Qf6 21. h3 e4 22. hxg4 exf3 23. Qxf3 h4 24. Nf5 Ng6 25. Qxd5 Rad8 26. Qc4 Ne5 27. Qf4 Ng6 28. Qe3 Kh7 29. Rad1 Qb2 30. Rxd8 Rxd8 31. Ne7 Qxb5 32. c7 Re8 33. c8=Q Rxc8 34. Nxc8 Qd7 35. Ne7 Qxg4 36. Nxg6 fxg6 37. Qf3 Qc4 38. Re4 Qxc2 39. Rxh4+ Kg8 40. Qd5+ 1-0


[Site "https://www.chess.com"]

[Event "Titled Tuesday Blitz October 31 Late 2023"]
[White "Estrada Nieto, Julian"]
[Black "Muhammad Shahzeb"]
[WhiteFideId "5101018"]
[BlackFideId "7804806"]
[WhiteElo "2508"]
[BlackElo "2339"]
[Result "1-0"]
[Round "5"]
[TimeControl "180+1"]
[Date "2023.10.31"]
[WhiteClock "0:00:14"]
[BlackClock "0:00:12"]
[Board "103"]

1. e4 d5 2. exd5 Nf6 3. d4 Nxd5 4. Nf3 g6 5. Bc4 Bg7 6. O-O O-O 7. Re1 Nc6 8. c3 Nb6 9. Bb5 Bg4 10. h3 Bd7 11. Bg5 Bf6 12. Bxf6 exf6 13. Nbd2 a6 14. Bf1 Kg7 15. Ne4 Nc8 16. Qd2 Re8 17. Qf4 f5 18. Nc5 Nd6 19. Ne5 Nb8 20. h4 b6 21. Ncxd7 Nxd7 22. g3 Nxe5 23. dxe5 Nb7 24. Bg2 Qc8 25. Rad1 Rb8 26. Bd5 Nc5 27. h5 Ne6 28. h6+ Kg8 29. Qh4 Qd8 30. Bxe6 Qxh4 31. Bxf7+ Kxf7 32. gxh4 Re7 33. f4 Ke6 34. Kf2 b5 35. Rd4 a5 36. Red1 b4 37. c4 a4 38. Rd8 Rb6 39. Ra8 Rc6 40. Rd4 a3 41. bxa3 bxa3 42. Rxa3 Rb6 43. Rb3 Ra6 44. a3 Ra4 45. Ke3 Rd7 46. Rxd7 Kxd7 47. Kd4 Kc6 48. Re3 Kd7 49. Kc5 Ra5+ 50. Kb4 Ra6 51. c5 Re6 52. a4 Kc6 53. Kc4 Re8 54. Ra3 Ra8 55. a5 Ra6 56. Kd4 Kd7 57. Kd5 c6+ 58. Kc4 Ke6 59. Kb4 Ra8 60. Rd3 Rb8+ 61. Ka4 Rb5 62. Rd6+ Ke7 63. Rxc6 Rb1 64. Rc7+ Ke6 65. Rxh7 Rf1 66. a6 Rxf4+ 67. Kb5 Rf1 68. a7 Ra1 69. Kb6 Kxe5 70. Rh8 f4 71. a8=Q Rxa8 72. Rxa8 f3 73. Rf8 Ke4 74. h7 Ke3 75. h8=Q f2 76. Qe5+ Kd2 77. Qf4+ Kc2 78. Qxf2+ Kb1 79. Rf6 g5 80. hxg5 Ka1 81. Rh6 Kb1 82. g6 Kc1 83. g7 Kb1 84. c6 Ka1 85. c7 Kb1 86. Rh1# 1-0


[Site "https://www.chess.com"]

[Event "Titled Tuesday Blitz October 31 Late 2023"]
[White "Seletsky, Grigory"]
[Black "SlippperyWhenWet"]
[WhiteFideId "14112191"]
[WhiteElo "2469"]
[BlackElo "2323"]
[Result "1-0"]
[Round "5"]
[TimeControl "180+1"]
[Date "2023.10.31"]
[WhiteClock "0:00:08"]
[BlackClock "0:00:03"]
[Board "104"]

1. d4 d5 2. Nf3 e6 3. c4 Nf6 4. Nc3 Bb4 5. Qa4+ Nc6 6. e3 O-O 7. Bd2 Qe8 8. Qc2 e5 9. dxe5 Nxe5 10. cxd5 Nxf3+ 11. gxf3 Qe5 12. e4 Re8 13. O-O-O c6 14. dxc6 bxc6 15. Bc4 Be6 16. Na4 Rab8 17. Bxe6 Qxe6 18. Bxb4 Rxb4 19. b3 Qe5 20. Qc3 Qa5 21. Kc2 Reb8 22. Rd4 c5 23. Rxb4 cxb4 24. Qe3 Rc8+ 25. Kb1 Qe5 26. Rc1 Rxc1+ 27. Qxc1 g5 28. h3 Kg7 29. Qc5 Qf4 30. Qe3 Qe5 31. Nc5 Nh5 32. Nd3 Qa5 33. Qd4+ f6 34. Nxb4 Nf4 35. Nd5 Qe1+ 36. Kb2 Qe2+ 37. Ka3 Qa6+ 38. Qa4 Qd6+ 39. b4 Nxd5 40. exd5 Qxd5 41. Qxa7+ Kg6 42. Qe3 Qa8+ 43. Kb2 Qd5 44. Qe4+ Qxe4 45. fxe4 Kh5 46. b5 Kh4 47. b6 h5 48. b7 f5 49. exf5 Kxh3 50. b8=Q Kg2 51. f6 g4 52. f7 h4 53. f8=Q g3 54. fxg3 h3 55. Qb7+ Kg1 56. Qff3 Kh2 57. Qf2# 1-0


[Site "https://www.chess.com"]

[Event "Titled Tuesday Blitz October 31 Late 2023"]
[White "Sramek, Vojtech"]
[Black "Wanyama, Harold"]
[WhiteFideId "358681"]
[BlackFideId "10000380"]
[WhiteElo "2278"]
[BlackElo "2454"]
[Result "1-0"]
[Round "5"]
[TimeControl "180+1"]
[Date "2023.10.31"]
[WhiteClock "0:00:29"]
[BlackClock "0:00:08"]
[Board "105"]

1. e4 c5 2. Nf3 e6 3. d4 cxd4 4. Nxd4 Nc6 5. Nc3 Qc7 6. Be3 a6 7. Qf3 b5 8. Nxc6 Qxc6 9. Bd3 Bb7 10. O-O Nf6 11. a3 d6 12. Qg3 h5 13. h3 h4 14. Qg5 Rh5 15. Qf4 Be7 16. f3 d5 17. exd5 Rxd5 18. Nxd5 Nxd5 19. Be4 Rc8 20. Bxd5 Qxd5 21. Rfd1 Qc6 22. c3 Kf8 23. Bf2 g5 24. Qg4 Bf6 25. Be3 Kg7 26. Bxg5 Rh8 27. Bxh4+ Kf8 28. Bxf6 Rg8 29. Rd8+ 1-0


[Site "https://www.chess.com"]

[Event "Titled Tuesday Blitz October 31 Late 2023"]
[White "Musovic, Armin"]
[Black "De Souza, Cristiano Gomes"]
[WhiteFideId "939935"]
[BlackFideId "2151758"]
[WhiteElo "2452"]
[BlackElo "2245"]
[Result "1-0"]
[Round "5"]
[TimeControl "180+1"]
[Date "2023.10.31"]
[WhiteClock "0:02:08"]
[BlackClock "0:02:16"]
[Board "106"]

1. e4 c5 2. c3 d6 3. d4 Nf6 4. Bd3 Qc7 5. f4 Bg4 6. Qa4+ Bd7 7. Qd1 Bg4 8. Qa4+ Bd7 9. Qb3 e6 10. Nf3 Be7 11. e5 d5 12. exf6 Bxf6 13. Qd1 c4 14. Bc2 Nc6 15. O-O g6 16. Ne5 Bg7 17. Nd2 f6 18. Nxc6 Bxc6 19. Nf3 O-O-O 20. Qe2 Rde8 21. Be3 e5 22. fxe5 fxe5 23. Nxe5 Bxe5 24. dxe5 Rxe5 25. Qg4+ Bd7 26. Qg3 Re7 27. Qxc7+ Kxc7 28. Bd4 Rhe8 29. Rf2 Re2 30. Rxe2 Rxe2 31. Rc1 Bf5 32. Bxf5 gxf5 33. Rb1 a6 34. Kf1 Rc2 35. h3 h5 36. Kg1 b5 37. a3 a5 38. Rf1 Rxb2 39. Rxf5 Rb3 40. Rxd5 Rxa3 41. Rxb5 Kc6 42. Rc5+ Kd6 43. Rxc4 Kd5 44. Rc5+ Ke4 45. Rxh5 Ra1+ 46. Kh2 a4 47. Ra5 a3 48. h4 a2 49. h5 1-0


[Site "https://www.chess.com"]